Avenger Cubed, chaotic female elven Ranger ------------ |..........| |..........| +.<.........# ------------ -+-----.---- |..........| # #...........| # #|...........# # #|..........|# # #------------# # ### # ------- # # # #-.....| ### # # ###|dd...| # # # # |.@...| ## # # ### |.....| --.-------- -----------# ############# ------- |..........###.>{........# # ### |........`| |.........| # # |..0.......###...........######### +# ----------- --+-------- Avenger Cubed the Trailblazer Experience level: 6 Strength: 16 Dexterity: 11 Constitution: 15 Intelligence: 14 Wisdom: 14 Charisma: 8 Health: 0(39) Energy: 36(36) AC: 1 Gold: 0 Moves: 3640 Your Inventory: Weapons a - an uncursed +1 elven dagger (alternate weapon; not wielded) b - an uncursed +1 elven bow (weapon in hand) c - 49 uncursed +2 elven arrows (in quiver) d - 33 uncursed +0 elven arrows Armor e - an uncursed +2 elven cloak (being worn) C - an [uncursed] +0 crude chain mail [orcish] (being worn) E - an [uncursed] +0 iron skull cap [orcish helm] (being worn) Comestibles f - 5 uncursed lembas wafers z - an [uncursed] lizard corpse G - an [uncursed stale] egg K - an [uncursed] cram ration M - an [uncursed] slime mold Scrolls h - an [uncursed] scroll labeled ELAM EBOW [of fire] i - an [uncursed] scroll labeled PRATYAVAYAH [of confuse monster] j - an [uncursed] scroll labeled JUYED AWK YACC [of enchant weapon] r - an [uncursed] scroll labeled ELBIB YLOH [of enchant armor] I - 3 [uncursed] unlabeled scrolls [of blank paper] Potions N - an [uncursed] magenta potion [of object detection] Wands x - an [uncursed] tin wand [of opening (0:4)] J - an [uncursed] runed wand [of undead turning (0:4)] Tools o - an [uncursed] leash w - 12 [uncursed wax] candles Spells known in the end: Name Level Category Fail Memory Your skills at the end: Fighting Skills Weapon Skills dagger [Basic / Expert] bow [Basic / Expert] Spellcasting Skills Final Attributes: You were piously aligned. Hunger level was 439. Your alignment was 27 / 28. Monster difficulty range was 1 - 6. Level difficulty was 7. You were immune to sleep. You saw invisible. You had automatic searching. You had infravision. You were stealthy. You aggravated monsters. Your luck was zero. You are dead. Vanquished creatures: a leprechaun a lizard a water nymph 2 Mordor orcs an enormous rat a yellow light a violet fungus a gnome lord a kobold mummy a paper golem a wax golem a little dog a kitten a kobold lord a rothe an orc zombie 3 dwarf zombies 2 iguanas 2 acid blobs 3 coyotes a hobbit a large kobold a green mold a red mold a gnome a gnome zombie 4 geckos a jackal a fox 2 goblins 4 grid bugs a bat 3 lichens a kobold zombie 4 newts 54 creatures vanquished. Voluntary challenges: You were an atheist. You used a wielded weapon 65 times. You read items or engraved 5 times. You put on armor 10 times. You never genocided any monsters. You never polymorphed an object. You never changed form. You used no wishes. You wrote Elbereth's name 2 times. You never encountered a bones level. You never used any Sokoban shortcuts. Dungeon overview: The Dungeons of Doom: levels 1 to 7 Level 1 a fountain a long staircase Level 3 a fountain Level 4 a fountain, some sinks a long staircase Level 5 an altar, some fountains Level 6 many fountains Level 7 <- You were here a fountain stairs to Sokoban Sokoban: Level 6 a magic chest stairs to The Dungeons of Doom History has recorded: On T:1 you entered the Dungeons of Doom to retrieve the Amulet of Yendor! On T:255 you reached level 2 of The Dungeons of Doom. On T:588 you advanced to experience level 2. On T:611 you advanced to experience level 3. On T:840 you reached level 3 of The Dungeons of Doom. On T:904 you advanced to experience level 4. On T:1240 you advanced to experience level 5. On T:1265 you reached level 4 of The Dungeons of Doom. On T:1720 you reached level 5 of The Dungeons of Doom. On T:1862 you advanced to experience level 6. On T:2261 you reached level 6 of The Dungeons of Doom. On T:2743 you reached level 7 of The Dungeons of Doom. On T:2935 you reached level 3 of Sokoban. Latest messages: [HP+1=17] [HP+1=18] [HP+1=19] You hear someone cursing shoplifters. [HP+1=20] You stop searching. [46 turns] [HP+1=21] You hear bubbling water. You miss the werewolf. The werewolf bites! [HP-6=15] You miss the werewolf. The werewolf bites! [HP-7=8] You hit the werewolf! The werewolf bites! [HP-7=1] b - an uncursed +1 elven bow (weapon in hand). a - an uncursed +1 elven dagger (alternate weapon; not wielded). You shoot 3 elven arrows. The 1st elven arrow hits the werewolf! The 2nd elven arrow misses the werewolf. The 3rd elven arrow hits the werewolf! The werewolf bites! You die... Final status: Goodbye Avenger Cubed the Ranger... You died in The Dungeons of Doom on dungeon level 7 with 428 points, and 0 pieces of gold, after 3640 moves. You were level 6 with a maximum of 39 hit points when you died.